 Dungeon Crawl Stone Soup version 0.28-a0-1520-gc3277d3759 (webtiles) character file.

Game seed: 9515984592040183621

8642 kae the Martial Artist (level 11, -9/97 HPs)
             Began as a Demonspawn Transmuter on Jan 17, 2022.
             Was a Believer of Ru.
             Mangled by a troll (10 damage)
             ... on level 10 of the Dungeon.
             The game lasted 00:09:53 (14663 turns).

kae the Martial Artist (Demonspawn Transmuter)     Turns: 14663, Time: 00:09:53

Health: -9/97      AC: 12    Str: 12    XL:     11   Next: 12%
Magic:  19/19      EV: 12    Int: 16    God:    Ru [**....]
Gold:   419        SH:  0    Dex: 15    Spells: 13/21 levels left

rFire   x . .      SeeInvis .     - Unarmed
rCold   + + +      Faith    .   (shield currently unavailable)
rNeg    . . .      Spirit   .   (armour currently unavailable)
rPois   +          Reflect  .   (helmet currently unavailable)
rElec   .          Harm     .   (cloak currently unavailable)
rCorr   .          Rampage  .   (gloves currently unavailable)
Will    .....                   (boots currently unavailable)
Stlth   +.........              o - amulet of the acrobat
HPRegen 0.26/turn               e - ring of protection from cold
MPRegen 0.16/turn               t - +4 ring of protection

@: ice-form
A: freezing attack, amphibious, boosted hp, large, (hooves 1), (slimy green
scales 2), powered by death 1, (spiny 2), inability to use devices
a: End Transformation, Renounce Religion


You were on level 10 of the Dungeon.
You worshipped Ru.
Ru was pleased with you.
You were a creature of crystalline ice.
You visited 2 branches of the dungeon, and saw 11 of its levels.

You collected 457 gold pieces.
You spent 38 gold pieces at shops.

Inventory:

Missiles
 j - 2 throwing nets
Armour
 a - a +1 robe (melded)
Jewellery
 e - a ring of protection from cold (left front paw)
 k - a ring of fire
 o - an amulet of the acrobat (around neck)
 t - a +4 ring of protection (right front paw)
 u - a ring of ice
Scrolls
 d - 3 scrolls of magic mapping
 f - 4 scrolls of amnesia
 h - a scroll of enchant weapon
 s - a scroll of teleportation
 v - 3 scrolls of fog
 w - a scroll of holy word {unknown}
 x - a scroll of fear
 y - a scroll of identify
Potions
 b - 2 potions of flight
 c - 3 potions of haste
 g - 2 potions of brilliance {unknown}
 i - a potion of ambrosia {unknown}
 l - a potion of curing
 m - a potion of mutation {unknown}
 n - 4 potions of heal wounds {unknown}
 p - a potion of magic {unknown}
 q - a potion of might {unknown}
 r - a potion of cancellation {unknown}
 z - a potion of lignification {unknown}


   Skills:
 + Level 6.1 Fighting
 + Level 5.8 Dodging
 * Level 8.5 Unarmed Combat
 + Level 5.9 Spellcasting
 * Level 8.3 Transmutations
 - Level 5.0 Ice Magic
 - Level 2.0 Poison Magic


You had 13 spell levels left.
You knew the following spells:

 Your Spells              Type           Power      Damage    Failure   Level
a - Beastly Appendage     Tmut           62%        N/A       1%          1
b - Spider Form           Tmut/Pois      21%        N/A       4%          3
c - Ice Form              Ice/Tmut       26%        N/A       9%          4

Your spell library contained the following spells:

 Spells                   Type           Power      Damage    Failure   Level
 Wereblood                Tmut           31%        N/A       1%          2
 Ozocubu's Armour         Ice            20%        N/A       5%          3
 Blink                    Tloc           8%         N/A       22%         2
 Manifold Assault         Tloc           4%         N/A       98%         5
 Conjure Ball Lightning   Conj/Air       2%         3x3d6     100%        6
 Ozocubu's Refrigeration  Ice            10%        4d7       100%        7
 Storm Form               Tmut/Air       9%         N/A       100%        7
 Discord                  Hex            2%         N/A       100%        8
 Disjunction              Tloc           2%         N/A       100%        8


Dungeon Overview and Level Annotations

Branches:
Dungeon (10/15)            Temple (1/1) D:6            Lair (0/6) D:8
    Orc (0/2) D:10

Altars:
Ashenzari
Cheibriados
Dithmenos
Elyvilon
Fedhas
Gozag
Hepliaklqana
Kikubaaqudgha
Makhleb
Nemelex Xobeh
Okawaru
Qazlal
Ru
Sif Muna
Trog
Uskayaw
Vehumet
Wu Jian
Xom
Yredelemnul
Zin
The Shining One

Shops:
D:3 (*   D:6 (

Annotations:
D:6 exclusion: acid dragon
D:8 exclusion: door


Innate Abilities, Weirdness & Mutations

You are a creature of crystalline ice.
You have a powerful freezing melee attack.
You are amphibious.
Your maximum health is increased.
Your armour is entirely melded.
You are incapable of wielding weapons or throwing items.
((You have large cloven feet.))
((You are mostly covered in slimy green scales. (AC +3)))
You regenerate a little health from kills.
((You are mostly covered in sharp spines.))
You cannot study or use magical devices.


Message History

You punch the troll! You freeze the troll.
You kill the troll!
The troll barely misses you. x2; The troll closely misses you.
You see here a troll corpse.
You hit the troll but do no damage. The troll misses you.
The troll closely misses you. x2
You hit the troll. You freeze the troll.
The troll is lightly wounded.
The troll misses you. The troll claws you.
The troll claws you but does no damage.
You punch the troll! You freeze the troll.
The troll is heavily wounded.
The troll bites you! The troll barely misses you. The troll claws you!
* * * LOW HITPOINT WARNING * * *
You punch the troll! You freeze the troll.
The troll is almost dead.
The troll bites you but does no damage. The troll claws you but does no damage.
The troll claws you.
* * * LOW HITPOINT WARNING * * *
You punch the troll! You freeze the troll.
You kill the troll!
The troll misses you. The troll barely misses you. The troll misses you.
You hit the troll but do no damage. The troll bites you.
* * * LOW HITPOINT WARNING * * *
The troll claws you.
* * * LOW HITPOINT WARNING * * *
The troll claws you.
* * * LOW HITPOINT WARNING * * *
You hit the troll. You freeze the troll.
The troll is lightly wounded.
The troll bites you.
* * * LOW HITPOINT WARNING * * *
The troll claws you.
* * * LOW HITPOINT WARNING * * *
The troll claws you.
* * * LOW HITPOINT WARNING * * *
You hit the troll. You freeze the troll.
The troll is moderately wounded.
The troll bites you!
You die...

#.# #.......Y #.#########
###....>.....≈≈≈ #..........
.............≈≈≈ #......###
#...........≈≈≈ #......#
#...........≈≈≈ #......#
#...........≈≈# #......#
#...........≈≈#
#...(..#######...........≈≈#
#...........†YT.....†..(.≈≈#
#.######.#######.####....≈≈#
#. #.# #.# ....≈≈≈ #. #.#
#.# ....... #.# #.# ....≈≈≈
#.# #.# ....≈## ... ...
....≈# ### ### ....≈#


You could see a troll.

Vanquished Creatures
  2 hydras (D:7)
  Harold (D:8)
  A cyclops (D:8)
  A gargoyle (D:7)
  3 trolls (D:10)
  Sigmund (D:6)
  12 yaks
  A wyvern (D:8)
  2 wargs (D:8)
  Menkaure (D:7)
  8 orc warriors
  A sky beast (D:7)
  A necrophage (D:7)
  2 ogres
  5 centaurs
  A phantom (D:6)
  Blork the orc (D:4)
  2 scorpions
  A gnoll sergeant (D:9)
  A water moccasin zombie (D:6)
  2 wyvern skeletons (D:7)
  12 wights
  A centaur zombie (D:7)
  A bullfrog skeleton (D:5)
  5 hounds
  A jelly (D:6)
  A gnoll shaman (D:2)
  3 orc priests
  5 iguanas
  9 orc wizards
  2 hound skeletons (D:4)
  3 gnolls (D:9)
  A howler monkey skeleton (D:7)
  5 adders
  A shadow imp (D:6)
  5 dart slugs
  21 orcs
  11 ball pythons
  4 endoplasms
  4 giant cockroaches
  4 goblins
  11 hobgoblins
  3 jackals (D:4)
  A bat (D:1)
  A frilled lizard (D:1)
  5 kobolds
  4 rats
174 creatures vanquished.

Vanquished Creatures (others)
  A wizard (D:8)
  A yak (D:10)
2 creatures vanquished.

Grand Total: 176 creatures vanquished

Notes
Turn   | Place    | Note
-------+----------+-------------------------------------------
     0 | D:1      | kae the Demonspawn Transmuter began the quest for the Orb.
     0 | D:1      | Reached XP level 1. HP: 15/15 MP: 3/3
   147 | D:1      | Gained mutation: You are partially covered in sharp spines.
                  | [demonic ancestry]
   147 | D:1      | Reached XP level 2. HP: 19/21 MP: 3/5
   960 | D:1      | Reached XP level 3. HP: 17/26 MP: 4/6
  1346 | D:2      | Found a burning altar of Makhleb.
  2365 | D:3      | Found Licok's Assorted Antiques.
  2372 | D:3      | Bought an amethyst potion for 18 gold pieces
  2372 | D:3      | Bought a scroll labelled YLIONI LYRU for 20 gold pieces
  2485 | D:3      | Reached XP level 4. HP: 32/32 MP: 5/7
  2492 | D:3      | Learned a level 3 spell: Spider Form
  2510 | D:3      | Found a faded altar of an unknown god.
  3087 | D:3      | Found Obeaxel's Antique Weapon Shoppe.
  3351 | D:4      | Noticed Blork the orc
  3707 | D:3      | Found a faded altar of an unknown god.
  3949 | D:3      | Found Licok's Assorted Antiques.
  4110 | D:3      | Found Obeaxel's Antique Weapon Shoppe.
  4740 | D:4      | Reached skill level 1 in Poison Magic
  4740 | D:4      | Gained mutation: You are partially covered in slimy green
                  | scales. (AC +2) [demonic ancestry]
  4740 | D:4      | Reached XP level 5. HP: 36/38 MP: 6/8
  5102 | D:4      | Killed Blork the orc
  5175 | D:4      | Learned a level 4 spell: Ice Form
  5356 | D:4      | Lost mutation: You have razor-sharp toenails. [demonic
                  | ancestry]
  5356 | D:4      | Lost mutation: You have sharp toenails. [demonic ancestry]
  5356 | D:4      | Gained mutation: You have large cloven feet. [demonic
                  | ancestry]
  5356 | D:4      | Reached XP level 6. HP: 43/44 MP: 8/10
  5480 | D:5      | Entered Level 5 of the Dungeon
  5489 | D:5      | Reached skill level 1 in Ice Magic
  6062 | D:5      | Gained mutation: You regenerate a little health from kills.
                  | [demonic ancestry]
  6062 | D:5      | Reached XP level 7. HP: 30/51 MP: 11/11
  6571 | D:6      | Found a staircase to the Ecumenical Temple.
  6597 | Temple   | Entered the Ecumenical Temple
  6827 | Temple   | Became a worshipper of Ru the Awakened
  7008 | D:6      | Found Taqocirch's Antique Weapon Shoppe.
  7371 | D:6      | Noticed Sigmund
  7745 | D:6      | Killed Sigmund
  7746 | D:6      | Gained mutation: You are mostly covered in slimy green
                  | scales. (AC +3) [demonic ancestry]
  7746 | D:6      | Reached XP level 8. HP: 58/58 MP: 9/13
  7797 | D:5      | Reached skill level 5 in Unarmed Combat
  8590 | D:7      | Reached skill level 5 in Transmutations
  9197 | D:7      | Noticed Menkaure
  9205 | D:7      | Killed Menkaure
  9500 | D:7      | Gained mutation: You are mostly covered in sharp spines.
                  | [demonic ancestry]
  9500 | D:7      | Reached XP level 9. HP: 34/65 MP: 13/15
  9818 | D:7      | Gained mutation: You cannot study or use magical devices.
                  | [Ru sacrifice]
  9818 | D:7      | Reached * piety under Ru
  9818 | D:7      | Reached ** piety under Ru
 10338 | D:7      | Noticed a gargoyle
 10349 | D:7      | Killed a gargoyle
 10448 | D:7      | Noticed a seven-headed hydra
 10523 | D:7      | Killed a seven-headed hydra
 10524 | D:7      | Reached skill level 5 in Ice Magic
 10780 | D:7      | Noticed an eight-headed hydra
 11231 | D:8      | Found a staircase to the Lair.
 11450 | D:8      | Reached XP level 10. HP: 73/73 MP: 12/17
 11516 | D:8      | Found a bloodstained altar of Trog.
 11517 | D:8      | Noticed a wizard
 11522 | D:8      | Killed a wizard
 11556 | D:8      | Noticed Harold
 11569 | D:8      | Killed Harold
 11570 | D:8      | Reached skill level 5 in Fighting
 11570 | D:8      | Reached skill level 5 in Spellcasting
 12046 | D:8      | Noticed a cyclops
 12056 | D:8      | Killed a cyclops
 12057 | D:8      | Reached skill level 5 in Dodging
 13276 | D:7      | Killed an eight-headed hydra
 14152 | D:10     | Entered Level 10 of the Dungeon
 14338 | D:10     | Found a staircase to the Orcish Mines.
 14375 | D:10     | Reached XP level 11. HP: 48/81 MP: 19/19
 14662 | D:10     | HP: 4/97 [troll (3)]
 14662 | D:10     | HP: 1/97 [troll (3)]
 14663 | D:10     | Mangled by a troll

Illustrated notes

Levels and vault maps discovered:
D:1:      minmay_arrival_shoal_huts, layout_loops_corners, minmay_pentomino_p4
D:2:      minmay_angry_zag, layout_loops_corners, basic_altar,
          minmay_misc_feat_chi
D:3:      layout_basic, serial_shops, nicolae_shop_stone,
          nicolae_shop_advertising_works [nicolae_subvault_shop_adworks],
          ebering_ecumenical_altar_box, kennysheep_generic_room_6
D:4:      layout_loops_ring, hangedman_abyss_or_decor_slice, grunt_tough_drop,
          uniq_blork_the_orc
D:5:      layout_loops_ring
D:6:      layout_loops_ring, minmay_temple_entry_mini_moons, serial_shops,
          nicolae_lakefront_shop, uniq_sigmund
D:7:      nzn_winding_woodlands_medium [nzn_winding_woodlands_5x5_closed_star,
          nzn_winding_woodlands_5x15_jagged, nzn_winding_woodlands_5x5_three,
          nzn_winding_woodlands_hourglass,
          nzn_winding_woodlands_center_triple_pond,
          nzn_winding_woodlands_5x5_checkerboard,
          nzn_winding_woodlands_5x5_default, nzn_winding_woodlands_5x15_eye,
          nzn_winding_woodlands_5x5_perimeter], layout_cave_pools,
          serial_undead, serial_undead_b, serial_undead_d, serial_undead_e,
          serial_undead_b, grunt_decor_arrowhead, grunt_decor_cap,
          corexii_leaking_fountain, uniq_menkaure
D:8:      layout_basic, trog_wizard, erik_lair_orcish_takeover,
          minmay_three_doors, uniq_harold
D:9:      layout_loops_ring
D:10:     lemuel_troll_bridge, layout_small_grid, orc_0_dummy
Temple:   mainiacjoe_temple_archimedes_tessellation

Skill      XL: |  1  2  3  4  5  6  7  8  9 10 11 |
---------------+----------------------------------+-----
Transmutations | 2 3 4 5 6 8 |  8.3
Unarmed Combat | 3 4 5 6 8 |  8.5
Dodging        | 2 3 4 5 |  5.8
Poison Magic   | 1 2 |  2.0
Fighting       | 2 3 4 5 6 |  6.1
Ice Magic      | 1 2 4 5 |  5.0
Spellcasting   | 3 4 5 |  5.9

Action                   |  1- 3 |  4- 6 |  7- 9 | 10-12 || total
-------------------------+-------+-------+-------+-------++-------
Melee: Unarmed           |    58 |    86 |   255 |   157 ||   556
       Headbutt          |    13 |     5 |     4 |       ||    22
       Kick              |     8 |    14 |    20 |     2 ||    44
       Punch             |     1 |     3 |     1 |       ||     5
 Cast: Beastly Appendage |    28 |    25 |     7 |       ||    60
       Spider Form       |       |     4 |    11 |       ||    15
       Ice Form          |       |       |    21 |    14 ||    35
Invok: Sacrifice Artific |       |       |     1 |       ||     1
  Use: Scroll            |     7 |     2 |     2 |     3 ||    14
       Potion            |     3 |     1 |       |       ||     4
 Stab: Sleeping          |       |     1 |     1 |     1 ||     3
Armor: Robe              |     6 |    11 |    13 |     2 ||    32
       Skin              |       |     2 |    23 |    28 ||    53
Dodge: Dodged            |    29 |    65 |   200 |    87 ||   381

Table legend: (Time is in decaauts)
 A = Elapsed time spent in this place.
 B = Non-inter-level travel time spent in this place.
 C = Inter-level travel time spent in this place.
 D = Time resting spent in this place.
 E = Time spent auto-exploring this place.
 F = Levels seen in this place.
 G = Mean time per level.
                   A        B        C        D        E       F      G
               +--------+--------+--------+--------+--------+-----+--------+
         Total |  14637 |  14158 |    479 |   1577 |  10742 |  11 | 1330.6 |
       Dungeon |  14291 |  13856 |    435 |   1577 |  10460 |  10 | 1429.1 |
        Temple |    346 |    303 |     43 |      0 |    282 |   1 |  346.0 |
               +--------+--------+--------+--------+--------+-----+--------+

Top non-repeatable levels by time:
     D:7: 3489 daAuts
     D:3: 1836 daAuts
     D:6: 1542 daAuts
     D:2: 1400 daAuts
     D:5: 1319 daAuts
     D:1: 1274 daAuts
     D:8: 1158 daAuts
     D:4: 979 daAuts
     D:9: 789 daAuts
    D:10: 499 daAuts
  Temple: 346 daAuts
